 Dungeon Crawl Stone Soup version 0.30.0-29-ga12c61a403 (webtiles) character file.

Game seed: 15396732976678282002

2815 Destapler the Ruffian (level 9, -7/133 HPs)
             Began as a Troll Berserker on June 23, 2023.
             Was an Elder of Trog.
             Mangled by a killer bee (8 damage)
             ... on level 7 of the Dungeon.
             The game lasted 00:18:10 (5578 turns).

Destapler the Ruffian (Troll Berserker)             Turns: 5578, Time: 00:18:10

Health: -7/133     AC:  8    Str: 22    XL:     9   Next: 44%
Magic:  2/2        EV: 12    Int:  3    God:    Trog [****..]
Gold:   385        SH:  0    Dex: 13    Spells: 8/8 levels left

rFire   . . .        b - +7 rapier of the Evening {antimagic, rElec Str-5 SInv}
rCold   . . .        (no shield)
rNeg    . . .        y - +0 robe {Will+}
rPois   +            (helmet restricted)
rElec   +            (no cloak)
rCorr   .            (gloves unavailable)
SInv    +            (boots unavailable)
Will    +++..        (no amulet) Stlth
                     j - +4 ring of protection
HPRegen 2.22/turn    k - ring of poison resistance
MPRegen 0.08/turn

%: no passive effects
@: berserking (expiring), lethally poisoned (-7 -> -8), strong-willed,
regenerating, very quick
A: large, unfitting armour, claws 3, regeneration 1, shaggy fur 1, tough skin 1
a: Renounce Religion, Berserk, Trog's Hand, Brothers in Arms


You were on level 7 of the Dungeon.
You worshipped Trog.
Trog was greatly pleased with you.
You visited 1 branch of the dungeon, and saw 7 of its levels.
You also visited: Sewer.

You collected 385 gold pieces.

Inventory:

Hand Weapons
 b - the +7 rapier of the Evening (weapon) {antimagic, rElec Str-5 SInv}
   (You found it on level 5 of the Dungeon)

   Str:       It affects your strength (-5).
   rElec:     It insulates you from electricity.
   SInv:      It lets you see invisible.
 q - a +0 giant club
Armour
 a - a +0 animal skin
 y - a +0 robe of willpower (worn)
Jewellery
 j - a +4 ring of protection (left claw)
 k - a ring of poison resistance (right claw)
 x - a ring of flight
Wands
 s - a wand of polymorph (3)
 t - a wand of iceblast (11)
Scrolls
 c - 4 scrolls of vulnerability {unknown}
 d - 9 scrolls of teleportation {unknown}
 f - 8 scrolls of identify {unknown}
 l - a scroll of silence
 m - a scroll of magic mapping {unknown}
 o - 2 scrolls of enchant weapon {unknown}
 u - 2 scrolls of fog {unknown}
 v - a scroll of immolation {unknown}
 w - a scroll of poison {unknown}
Potions
 e - 4 potions of heal wounds {unknown}
 g - 8 potions of curing {unknown}
 h - a potion of ambrosia {unknown}
 i - 2 potions of degeneration {unknown}
 n - 4 potions of magic {unknown}
 p - a potion of mutation {unknown}
 r - a potion of haste {unknown}
 z - a potion of flight {unknown}


   Skills:
 * Level 6.2 Fighting
 + Level 2.7 Maces & Flails
 + Level 2.4 Armour
 + Level 6.7 Dodging
 * Level 7.4 Unarmed Combat


You had 8 spell levels left.
You didn't know any spells.
Your spell library contained the following spells:

 Spells                   Type           Power      Damage    Failure   Level
 Freeze                   Ice            0%         1d3       52%         1
 Magic Dart               Conj           0%         1d3       52%         1
 Cigotuvi's Dreadful Rot  Necr/Pois/Air  0%         N/A       67%         2
 Ensorcelled Hibernation  Hex/Ice        0%         N/A       67%         2
 Passwall                 Tmut/Erth      0%         N/A       67%         2
 Searing Ray              Conj           0%         2d4       67%         2
 Frozen Ramparts          Ice            0%         1d1       88%         3
 Hailstorm                Conj/Ice       0%         3d3       88%         3
 Ignite Poison            Fire/Tmut/Pois 0%         N/A       88%         3
 Swiftness                Air            0%         N/A       88%         3
 Fulminant Prism          Conj/Hex       0%         3d5       99%         4
 Freezing Cloud           Conj/Ice/Air   0%         6-21      100%        5


Dungeon Overview and Level Annotations

Branches:
Dungeon (7/15)             Temple (0/1) D:7           Sewer (visited)

Altars:
Cheibriados
Elyvilon
Gozag
Ru
Xom
Zin
The Shining One

Shops:
D:4 !   D:7 (

Annotations:
D:5 3 runed translucent doors, qqlele's ghost, amateur DjWr


Innate Abilities, Weirdness & Mutations

You are too large for most types of armour.
You have claws for hands.
Your natural rate of healing is unusually fast.
You are covered in fur. (AC +1)
You have tough skin. (AC +1)


Message History

The killer bee stings you.
* * * LOW HITPOINT WARNING * * *
The killer bee closely misses you. The killer bee stings you.
* * * LOW HITPOINT WARNING * * *
The killer bee stings you.
* * * LOW HITPOINT WARNING * * *
The killer bee stings you.
* * * LOW HITPOINT WARNING * * *
The killer bee stings you but does no damage.
The killer bee barely misses you.
You are too injured to fight recklessly!
You are too injured to fight recklessly!
Unknown command.
You are too berserk!
You puncture the killer bee!
You kill the killer bee!
Trog accepts your kill.
You feel very sick. The killer bee stings you!
* * * LOW HITPOINT WARNING * * *
The killer bee barely misses you. The killer bee closely misses you.
The killer bee misses you.
You miss the killer bee.
You feel very sick. The killer bee completely misses you.
The killer bee stings you.
* * * LOW HITPOINT WARNING * * *
The killer bee completely misses you.
The killer bee stings you but does no damage.
The killer bee closely misses you. The killer bee barely misses you. x2
The killer bee closely misses you.
You hit the killer bee.
The killer bee is moderately wounded.
You feel very sick. The killer bee stings you.
* * * LOW HITPOINT WARNING * * *
The killer bee stings you but does no damage. x2
The killer bee stings you.
* * * LOW HITPOINT WARNING * * *
The killer bee stings you!
You die...

#######<.##..#
######...#####.
........###..#
#...........#..
...###.## #..#
#..........#...
### #..##
###....#......#
#...##
##.####.#..#.
##...### ###
#......
#.....#####.#
#####..
##...yyy......
##.
#.....@y......
##
#..###....###.
# #..## ##..##
#..# #..# #.#
..# #. .## #


You could see 4 killer bees.

Vanquished Creatures
  A hornet (D:6)
  Sigmund (D:6)
  A wyvern (D:7)
  A sky beast (D:7)
  4 black bears
  An ice beast (D:6)
  An ogre (D:5)
  A centaur (D:7)
  A phantom (D:4)
  3 bullfrogs
  2 scorpions (D:4)
  A gnoll sergeant (D:7)
  A killer bee (D:7)
  2 howler monkeys
  A jelly (D:5)
  3 orc priests
  7 hounds
  A gnoll bouda (D:6)
  Jessica (D:2)
  4 iguanas
  3 orc wizards (D:4)
  12 adders
  19 gnolls
  5 river rats (Sewer)
  A shadow imp (D:7)
  3 worms
  A dart slug (D:3)
  17 orcs
  5 endoplasms
  7 giant cockroaches
  6 goblins
  9 hobgoblins
  9 jackals
  3 kobolds
  5 quokkas
  13 ball pythons
  6 bats
  6 frilled lizards
  27 rats
195 creatures vanquished.

Notes
Turn   | Place    | Note
-------+----------+-------------------------------------------
     0 | D:1      | Destapler the Troll Berserker began the quest for the Orb.
     0 | D:1      | Reached XP level 1. HP: 22/22 MP: 0/0
    89 | D:1      | Reached XP level 2. HP: 26/29 MP: 1/1
   832 | D:2      | Reached XP level 3. HP: 36/36 MP: 2/2
   914 | D:2      | Reached XP level 4. HP: 45/45 MP: 3/3
   953 | D:2      | Noticed Jessica
   956 | D:2      | Killed Jessica
  1016 | D:2      | Reached ** piety under Trog
  1528 | D:2      | Reached XP level 5. HP: 53/53 MP: 4/4
  1857 | D:3      | Reached skill level 4 in Unarmed Combat
  2242 | D:3      | Found a shimmering altar of Xom.
  2246 | D:3      | Found a shimmering altar of Xom.
  2246 | D:3      | Found a shimmering altar of Xom.
  2248 | D:3      | Found a shimmering altar of Xom.
  2249 | D:3      | Found a shimmering altar of Xom.
  2249 | D:3      | Found a shimmering altar of Xom.
  2250 | D:3      | Found a shimmering altar of Xom.
  2500 | D:4      | Reached XP level 6. HP: 61/61 MP: 5/5
  2539 | D:4      | Found a snail-covered altar of Cheibriados.
  2605 | D:4      | Found a sacrificial altar of Ru.
  2703 | D:4      | Reached *** piety under Trog
  2713 | D:4      | Found Hosaf's Distillery.
  3129 | D:4      | Reached XP level 7. HP: 66/70 MP: 6/6
  3133 | D:4      | Reached skill level 5 in Dodging
  3338 | D:5      | Entered Level 5 of the Dungeon
  3350 | D:5      | Reached skill level 5 in Unarmed Combat
  3364 | D:5      | Found a glowing drain.
  3387 | Sewer    | Entered a sewer
  3490 | Sewer    | Reached **** piety under Trog
  3725 | D:5      | Reached XP level 8. HP: 79/79 MP: 7/7
  3955 | D:5      | Found a runed translucent gate.
  3955 | D:5      | Found a runed translucent gate.
  3955 | D:5      | Found a runed translucent gate.
  3964 | D:5      | Found an opulent altar of Gozag.
  3965 | D:5      | Noticed a hornet
  3965 | D:5      | Noticed qqlele's ghost (amateur DjWr)
  4113 | D:5      | Identified the +7 rapier of the Evening {antimagic, rElec
                  | Str-5 SInv}
  4283 | D:6      | Reached skill level 6 in Unarmed Combat
  4299 | D:6      | Noticed Sigmund
  4322 | D:6      | Reached skill level 5 in Fighting
  4322 | D:6      | Reached skill level 1 in Maces & Flails
  4326 | D:6      | Killed Sigmund
  4327 | D:6      | Reached skill level 1 in Armour
  4502 | D:6      | Noticed a hornet
  4507 | D:6      | Killed a hornet
  4508 | D:6      | Reached XP level 9. HP: 89/89 MP: 2/8
  4591 | D:6      | Reached skill level 7 in Unarmed Combat
  4692 | D:6      | Found a glowing golden altar of the Shining One.
  4692 | D:6      | Found a white marble altar of Elyvilon.
  4695 | D:6      | Found a glowing silver altar of Zin.
  5288 | D:7      | Found a staircase to the Ecumenical Temple.
  5408 | D:7      | Found Gufihig's Weapon Shoppe.
  5578 | D:7      | HP: 4/133 [killer bee (4)]
  5578 | D:7      | HP: 1/133 [killer bee (3)]
  5578 | D:7      | Mangled by a killer bee

Illustrated notes

Levels and vault maps discovered:
D:1:      kennysheep_arrival_seaside, layout_loops_ring
D:2:      layout_basic, uniq_jessica
D:3:      layout_loops_ring, nicolae_xom_altar_mimics, kennysheep_nondescript
D:4:      layout_basic, kennysheep_mini, nicolae_ru_great_annihilating_truth,
          serial_shops, shop
D:5:      layout_rooms, ebering_ghost_gozag, gup_sewer_entry_pipe
D:6:      layout_basic, good_gods_temple_1, st_stairs_8,
          minmay_misc_feat_four_crosses, uniq_sigmund
D:7:      layout_layer_cave, lemuel_round_altar,
          nemelex_xobeh_ov_fountains_minmay, minmay_temple_entry_arrows,
          serial_shops, nicolae_shop_tiny_glass, minmay_tree_intersection

Skill      XL: |  1  2  3  4  5  6  7  8  9 |
---------------+----------------------------+-----
Dodging        | 3 4 6 |  6.7
Fighting       | 3 4 5 6 |  6.2
Unarmed Combat | 4 5 6 7 |  7.4
Maces & Flails | 2 |  2.7
Armour         | 1 2 |  2.4

Action                     |  1- 3 |  4- 6 |  7- 9 || total
---------------------------+-------+-------+-------++-------
  Melee: Unarmed           |    67 |   196 |   206 ||   469
         Punch             |       |     4 |    15 ||    19
         Rapier            |       |       |   151 ||   151
 Invoke: Berserk           |     1 |     3 |     9 ||    13
         Trog's Hand       |       |       |     1 ||     1
    Use: Scroll            |       |     1 |       ||     1
   Stab: Distracted        |       |     1 |       ||     1
 Armour: Animal skin       |    27 |    73 |   161 ||   261
         Robe              |       |       |    30 ||    30
  Dodge: Dodged            |    42 |    98 |   324 ||   464
